 Dungeon Crawl Stone Soup version 0.31-a0-744-gbc345e7fcb (webtiles) character file.

Game seed: 15497459049226896191

451 GigaChad the Chopper (level 7, -5/55 HPs)
             Began as a Formicid Fighter on Sept 13, 2023.
             Slain by Menkaure (17 damage)
             ... on level 4 of the Dungeon.
             The game lasted 00:05:34 (2713 turns).

GigaChad the Chopper (Formicid Fighter)             Turns: 2713, Time: 00:05:34

Health: -5/55      AC: 10    Str: 23    XL:     7   Next: 25%
Magic:  7/7        EV:  8    Int:  7    God:
Gold:   147        SH:  5    Dex: 13    Spells: 6/6 levels left

rFire   . . .        a - +3 war axe (vamp)
rCold   . . .        c - +0 buckler
rNeg    . . .        h - +0 chain mail
rPois   .            (helmet unavailable)
rElec   .            (no cloak)
rCorr   .            (no gloves)
SInv    +            p - +0 pair of boots
Will    .....        (no amulet) Stlth
                     (no ring)
HPRegen 0.29/turn    (no ring)
MPRegen 0.10/turn

%: no passive effects
@: no status effects
A: permanent stasis, dig shafts and tunnels, antennae 3, four strong arms
a: Dig, Shaft Self


You were on level 4 of the Dungeon.
You visited 1 branch of the dungeon, and saw 4 of its levels.

You collected 147 gold pieces.

Inventory:

Hand Weapons
 a - a +3 vampiric war axe (weapon)
Armour
 b - a +0 scale mail
 c - a +0 buckler (worn)
 h - a +0 chain mail (worn)
 p - a +0 pair of boots (worn)
Talismans
 m - a blade talisman
Wands
 l - a wand of quicksilver (8)
Scrolls
 e - a scroll of identify
 f - 3 scrolls of noise
 g - a scroll of blinking {unknown}
 j - a scroll of fog
 q - a scroll of immolation {unknown}
 r - a scroll of vulnerability {unknown}
Potions
 d - a potion of might
 i - a potion of invisibility {unknown}
 k - a potion of magic {unknown}
 n - a potion of enlightenment {unknown}
 o - 4 potions of cancellation {unknown}


   Skills:
 * Level 4.4 Fighting
 * Level 5.3 Axes
 * Level 4.7 Armour
 * Level 5.2 Shields
 * Level 0.6 Shapeshifting


You had 6 spell levels left.
You didn't know any spells.
Your spell library contained the following spells:

 Spells                   Type           Power      Damage    Failure   Level
 Animate Armour           Summ/Erth      0%         N/A       100%        4
 Summon Lightning Spire   Summ/Air       0%         N/A       100%        4
 Lee's Rapid Deconstruct  Erth           0%         3d4*      100%        5


Dungeon Overview and Level Annotations

Branches:
Dungeon (4/15)
 Temple: D:4-7

Altars:
Fedhas
Okawaru

Shops:
D:4 *

Annotations:
D:4 Menkaure


Innate Abilities, Weirdness & Mutations

You cannot be hasted, slowed, berserked, paralysed or teleported.
You can dig through walls and to a lower floor.
You have a pair of large antennae on your head. (SInv)
Your four strong arms can wield two-handed weapons with a shield.


Message History

You now have 147 gold pieces (gained 12).
Found a dagger.
No target in view!
Key pressed, stopping explore.
No target in view!
No target in view!
There is an entrance to Corac's Assorted Antiques here.
There is a stone staircase leading down here.
You sense a monster nearby.
No target in view!
A goblin comes into view. It is wielding a +0 club.
The goblin shouts!
The goblin moves out of view.
Menkaure, Prince of Dust comes into view.
Menkaure gestures wildly while chanting.
Menkaure seems to speed up.
Found a scroll labelled WOTIT ROUROCH.
Menkaure calls on the powers of darkness!
The goblin convulses!
Your body is wracked with pain!
The goblin closely misses you.
You slash the goblin!
You feel better.
You kill the goblin!
Menkaure points at you and mumbles some strange words.
Pain shoots through your body!
Unknown command.
You are too injured to fight recklessly!
You are too injured to fight recklessly!
Unknown command.
You are too injured to fight recklessly!
Unknown command.
You are too injured to fight recklessly!
Unknown command.
You are too injured to fight recklessly!
Menkaure calls on the powers of darkness!
Your body is wracked with pain!
* * * LOW HITPOINT WARNING * * *
Things that are here:
a +0 club; a goblin corpse You hit Menkaure but do no damage.
Menkaure hits you!
You die...

#.#........#.#...###
#.#...............#
#.##..............#
#.###........#...##
...##........#####
[.....##.#...## #######
.....###......# .....?#
>###..........###......#
##..............@M.....#
##.#####...######......#
)..# #.... ......# ...##
....## ......#
.......... ......#
......###. ......#
.......# #######
..####... ..# ##.


You could see Menkaure (fast).

Vanquished Creatures
  A scorpion (D:4)
  3 orc priests (D:3)
  2 orc wizards (D:3)
  6 gnolls
  8 adders
  A worm (D:2)
  A dart slug (D:4)
  14 orcs
  14 ball pythons
  8 endoplasms
  4 giant cockroaches
  8 goblins
  9 hobgoblins
  7 jackals
  5 kobolds
  3 quokkas
  5 bats
  A frilled lizard (D:1)
  3 rats
103 creatures vanquished.

Notes
Turn   | Place    | Note
-------+----------+-------------------------------------------
     0 | D:1      | GigaChad the Formicid Fighter began the quest for the Orb.
     0 | D:1      | Reached XP level 1. HP: 18/18 MP: 1/1
   262 | D:1      | Reached XP level 2. HP: 24/24 MP: 2/2
   450 | D:1      | Reached XP level 3. HP: 22/29 MP: 3/3
   804 | D:2      | Reached XP level 4. HP: 33/37 MP: 4/4
   952 | D:2      | Found a blossoming altar of Fedhas.
  1404 | D:2      | Reached XP level 5. HP: 42/42 MP: 5/5
  1419 | D:3      | Reached XP level 6. HP: 47/48 MP: 6/6
  1508 | D:3      | Found a faded altar of an unknown god.
  1521 | D:3      | Reached skill level 5 in Shields
  2185 | D:4      | Reached skill level 5 in Axes
  2185 | D:4      | Reached XP level 7. HP: 45/55 MP: 7/7
  2363 | D:4      | Found an iron altar of Okawaru.
  2526 | D:4      | Found Corac's Assorted Antiques.
  2708 | D:4      | Noticed Menkaure
  2713 | D:4      | Slain by Menkaure

Illustrated notes

Levels and vault maps discovered:
D:1:      minmay_arrival_widening_spiral_narrow, layout_rooms,
          palyth_stone_intersect, minmay_box_of_dots
D:2:      layout_basic, basic_altar, minmay_diced_spiral
D:3:      layout_loops_ring, nicolae_ecumenical_snake_handling
D:4:      layout_rooms, okawaru_trees_1, nicolae_inconvenience_store,
          uniq_menkaure

Skill      XL: |  1  2  3  4  5  6 |
---------------+-------------------+-----
Armour         | 4 |  4.7
Axes           | 3 4 5 |  5.3
Fighting       | 4 |  4.4
Shields        | 5 |  5.2
Shapeshifting  | |  0.6

Action                     |  1- 3 |  4- 6 |  7- 9 || total
---------------------------+-------+-------+-------++-------
  Melee: War axe           |    56 |   121 |    37 ||   214
    Use: Scroll            |       |     9 |       ||     9
 Armour: Scale mail        |    44 |    81 |       ||   125
         Chain mail        |       |    34 |    17 ||    51
  Dodge: Dodged            |    33 |    64 |    12 ||   109
  Block: Buckler           |    10 |    43 |     8 ||    61

Table legend: (Time is in decaauts)
 A = Elapsed time spent in this place.
 B = Non-inter-level travel time spent in this place.
 C = Inter-level travel time spent in this place.
 D = Time resting spent in this place.
 E = Time spent auto-exploring this place.
 F = Levels seen in this place.
 G = Mean time per level.
                   A        B        C        D        E       F      G
               +--------+--------+--------+--------+--------+-----+--------+
         Total |   2788 |   2725 |     63 |      0 |   2125 |   4 |  697.0 |
       Dungeon |   2788 |   2725 |     63 |      0 |   2125 |   4 |  697.0 |
               +--------+--------+--------+--------+--------+-----+--------+

Top non-repeatable levels by time:
     D:3: 791 daAuts
     D:1: 725 daAuts
     D:2: 716 daAuts
     D:4: 555 daAuts
